 Dungeon Crawl Stone Soup version 0.29.1-12-g30fa7ad0bf (webtiles) character file.

Game seed: 9975223286251037202

457 LSt the Chopper (level 6, -4/57 HPs)
             Began as a Minotaur Fighter on Dec 29, 2022.
             Slain by a wyvern (10 damage)
             ... on level 5 of the Dungeon.
             The game lasted 00:24:28 (4944 turns).

LSt the Chopper (Minotaur Fighter)                  Turns: 4944, Time: 00:24:28

Health: -4/57      AC:  9    Str: 29    XL:     6   Next: 77%
Magic:  0/5        EV:  9    Int:  5    God:
Gold:   185        SH:  4    Dex:  9    Spells: 5/5 levels left

rFire   + . .      SeeInvis .   a - +0 war axe
rCold   . . .      Faith    .   c - +0 buckler
rNeg    . . .      Spirit   +   b - +0 scale mail
rPois   .          Reflect  .   (helmet restricted)
rElec   .          Harm     .   (no cloak)
rCorr   .          Rampage  .   (no gloves)
Will    .....                   M - +1 pair of boots
Stlth   ..........              j - amulet of guardian spirit
HPRegen 0.19/turn               k - ring of protection from fire
MPRegen 0.09/turn               D - +6 ring of strength

@: no status effects
A: horns 2, retaliatory headbutt
a: no special abilities


You were on level 5 of the Dungeon.
You visited 1 branch of the dungeon, and saw 5 of its levels.
You also visited: Sewer.

You collected 185 gold pieces.

Inventory:

Hand Weapons
 a - a +0 war axe (weapon)
 f - a +0 spear
 r - a +2 short sword of draining
 F - a +0 mace
 H - a +0 sling
 K - a +2 hand axe of draining
Missiles
 g - 41 stones
 i - 11 poisoned darts (quivered)
Armour
 b - a +0 scale mail (worn)
 c - a +0 buckler (worn)
 M - a +1 pair of boots (worn)
Jewellery
 j - an amulet of guardian spirit (around neck)
 k - a ring of protection from fire (left hand)
 n - a ring of magical power
 o - an amulet of magic regeneration
 B - a +6 ring of intelligence
 D - a +6 ring of strength (right hand)
Scrolls
 h - a scroll of acquirement {unknown}
 l - a scroll of identify
 p - a scroll of amnesia {unknown}
 q - a scroll of vulnerability {unknown}
 s - a scroll of noise {unknown}
 x - a scroll of poison {unknown}
 y - 2 scrolls of teleportation {unknown}
 z - a scroll of enchant armour {unknown}
 E - 2 scrolls of butterflies {unknown}
 G - a scroll of blinking {unknown}
 I - a scroll of enchant weapon {unknown}
 J - a scroll of fear {unknown}
 L - a scroll of torment {unknown}
Potions
 d - 2 potions of might
 e - 2 potions of curing
 m - a potion of lignification {unknown}
 t - 2 potions of brilliance {unknown}
 u - 2 potions of mutation
 v - a potion of heal wounds {unknown}
 w - 2 potions of invisibility
 A - a potion of cancellation {unknown}
 C - a potion of attraction {unknown}


   Skills:
 + Level 6.2 Fighting
 + Level 7.1 Axes
 - Level 3.7 Armour
 - Level 3.7 Shields


You had 5 spell levels left.
You didn't know any spells.
Your spell library contained the following spells:

 Spells                   Type           Power      Damage    Failure   Level
 Apportation              Tloc           0%         N/A       82%         1
 Necrotise                Necr           0%         1d4       82%         1
 Sandblast                Erth           0%         2d4       82%         1
 Summon Small Mammal      Summ           0%         N/A       82%         1
 Passwall                 Tmut/Erth      0%         N/A       91%         2
 Stone Arrow              Conj/Erth      0%         3d7       99%         3
 Summon Forest            Summ/Tloc      0%         N/A       100%        5
 Summon Mana Viper        Hex/Summ       0%         N/A       100%        5
 Summon Cactus Giant      Summ           0%         N/A       100%        6


Dungeon Overview and Level Annotations

Branches:
Dungeon (5/15)              Sewer (visited)
 Temple: D:4-7

Altars:
Elyvilon
Sif Muna

Shops:
D:1 *   D:2 ==[

Annotations:
D:2 Sigmund
D:4 ogre


Innate Abilities, Weirdness & Mutations

You have a pair of horns on your head.
You reflexively headbutt those who attack you in melee.


Message History

The wyvern is lightly wounded.
You barely miss the wyvern.
The wyvern is lightly wounded.
The wyvern bites you!
The wyvern bites you but does no damage.
You slash the wyvern!
The wyvern is moderately wounded.
The wyvern bites you but does no damage.
The wyvern bites you.
You closely miss the wyvern.
The wyvern is moderately wounded.
The wyvern bites you! The wyvern bites you.
You completely miss the wyvern.
The wyvern is moderately wounded.
The wyvern looks more healthy.
The wyvern bites you!
You closely miss the wyvern.
The wyvern is moderately wounded.
The wyvern bites you but does no damage.
The wyvern bites you!
You hit the wyvern.
The wyvern is moderately wounded.
You block the wyvern's attack. The wyvern bites you.
* * * LOW HITPOINT WARNING * * *
You hit the wyvern. Your headbutt misses the wyvern.
The wyvern is heavily wounded.
The wyvern bites you!
* * * LOW HITPOINT WARNING * * *
The wyvern barely misses you.
You closely miss the wyvern.
The wyvern is heavily wounded.
The wyvern bites you.
* * * LOW HITPOINT WARNING * * *
You block the wyvern's attack.
Press: ? - help, . - travel You can't see that place. [a rock wall.]
You barely miss the wyvern.
The wyvern is heavily wounded.
You block the wyvern's attack. The wyvern bites you!
You die...

### ##.#######
##......... ##########
##.....#####
.........####.......###
.(.(.(l@..............#
.#######.####....^..#.##
#.# ##.....##... #.#
#......)...# #.#
#.#......... #.#
#.##.#.##... #.#
#.#......... #.#
#.#.....)...
#.#.........


You could see a wyvern.

Vanquished Creatures
  A water moccasin (D:5)
  A kobold brigand (Sewer)
  A scorpion (D:5)
  A hound (D:4)
  A jelly (D:4)
  8 adders
  5 worms
  3 dart slugs
  3 orcs
  3 ball pythons
  8 endoplasms
  5 giant cockroaches
  7 goblins
  3 hobgoblins
  A jackal (D:2)
  19 kobolds
  6 bats
  2 frilled lizards
  6 rats
84 creatures vanquished.

Vanquished Creatures (others)
  A plant (D:1)
1 creature vanquished.

Grand Total: 85 creatures vanquished

Notes
Turn   | Place    | Note
-------+----------+-------------------------------------------
     0 | D:1      | LSt the Minotaur Fighter began the quest for the Orb.
     0 | D:1      | Reached XP level 1. HP: 19/19 MP: 0/0
   252 | D:1      | Reached skill level 3 in Axes
   280 | D:1      | Reached XP level 2. HP: 27/27 MP: 1/1
   471 | D:1      | Found a faded altar of an unknown god.
   746 | D:1      | Found Akkogef's Assorted Antiques.
   936 | D:1      | Reached skill level 4 in Axes
  1183 | D:2      | Reached XP level 3. HP: 33/33 MP: 2/2
  1193 | D:2      | Found Gexzud's Jewellery Emporium.
  1581 | D:2      | Found Plog's Jewellery Shop.
  1822 | D:2      | Found Oloih's Antique Armour Boutique.
  1859 | D:2      | Reached skill level 5 in Axes
  1892 | D:2      | Noticed Sigmund
  2378 | D:3      | Found a white marble altar of Elyvilon.
  2393 | D:3      | Reached XP level 4. HP: 40/40 MP: 3/3
  2670 | D:3      | Found a glowing drain.
  2675 | Sewer    | Entered a sewer
  2930 | Sewer    | Noticed a kobold brigand
  2944 | Sewer    | Killed a kobold brigand
  2945 | Sewer    | Reached XP level 5. HP: 44/47 MP: 4/4
  3118 | D:3      | Reached skill level 6 in Axes
  3549 | D:4      | Found a shimmering blue altar of Sif Muna.
  3707 | D:4      | Reached skill level 5 in Fighting
  3732 | D:4      | Noticed an ogre
  4363 | D:4      | Reached XP level 6. HP: 54/56 MP: 5/5
  4475 | D:5      | Entered Level 5 of the Dungeon
  4517 | D:5      | Noticed a water moccasin
  4526 | D:5      | Killed a water moccasin
  4809 | D:5      | Reached skill level 7 in Axes
  4932 | D:5      | Noticed a wyvern
  4944 | D:5      | Slain by a wyvern

Illustrated notes

Levels and vault maps discovered:
D:1:      lightli_arrival_farm, layout_loops_corners, serial_shops,
          nicolae_shop_overgrown_old_shop, ebering_ecumenical_altar_hall
D:2:      layout_basic, serial_shops, shop, shop_statue, nicolae_square_shop,
          st_stairs_7, nicolae_titane, uniq_sigmund
D:3:      layout_loops_ring, nicolae_elyvilon_peaceful_grove,
          portal_sewer_entry_e
D:4:      layout_layer_cave, mainiacjoe_overflow_six_doors_small, st_stairs_1
D:5:      layout_loops_ring, minmay_overflow_temple_star_quad,
          nicolae_stop_n_shop_2, eino_small_chamber_without_monster,
          serial_bayou_lake_a

Skill      XL: |  1  2  3  4  5  6 |
---------------+-------------------+-----
Axes           | 3 4 5 6 7 |  7.1
Fighting       | 4 5 6 |  6.2
Armour         | |  3.7
Shields        | |  3.7

Action                   |  1- 3 |  4- 6 || total
-------------------------+-------+-------++-------
Melee: War axe           |    88 |   107 ||   195
       Headbutt          |    13 |    10 ||    23
Throw: Stone             |       |     3 ||     3
       Dart              |       |     3 ||     3
  Use: Scroll            |       |     3 ||     3
Armor: Scale mail        |    35 |    40 ||    75
Dodge: Dodged            |    24 |    34 ||    58
Block: Buckler           |    14 |    14 ||    28
